[Event "Irish Championship 2026"]
[Site "Talbot Hotel Stillorgan, Co.Dublin, IE"]
[Date "2026.08.02"]
[Round "2"]
[White "Bartczak, Korneliusz"]
[Black "Burke, Kevin A."]
[Result "1/2-1/2"]
[Board "74"]
[TimeControl "40/5400+30:1800+30"]
[WhiteFideId "2523558"]
[BlackFideId "2501520"]
[WhiteElo "2062"]
[BlackElo "1896"]
[WhiteClock "0:31:28"]
[BlackClock "1:25:26"]
[Variant "Standard"]
[EndDate "2026.08.02"]
[EndTime "15:23:09"]

1. d4 e6 2. c4 f5 3. Nc3 Nf6 4. Nf3 Bb4 5. Qc2 O-O 6. e3 b6 7. Bd3 Bb7 8. Bd2 Bxc3 9. Bxc3 Ne4 10. O-O-O a5 11. h4 Na6 12. Ne1 1/2-1/2

[Event "Irish Championship 2026"]
[Site "Talbot Hotel Stillorgan, Co.Dublin, IE"]
[Date "2026.08.02"]
[Round "2"]
[White "Nichenametla V, Advaith"]
[Black "Mulukutla, Ayaansh"]
[Result "1/2-1/2"]
[Board "76"]
[TimeControl "40/5400+30:1800+30"]
[WhiteFideId "2516896"]
[BlackFideId "33391998"]
[WhiteElo "1943"]
[BlackElo "1839"]
[WhiteClock "0:25:09"]
[BlackClock "0:25:25"]
[Variant "Standard"]
[EndDate "2026.08.02"]
[EndTime "18:04:37"]

1. e4 c6 2. d4 d5 3. Nd2 dxe4 4. Nxe4 e6 5. Nf3 Nd7 6. Bf4 Ndf6 7. Bd3 Nxe4 8. Bxe4 Nf6 9. Bd3 Be7 10. Qe2 Nd5 11. Bd2 Qb6 12. Rb1 Bf6 13. c3 a6 14. O-O O-O 15. Ng5 g6 16. a3 Bg7 17. Nf3 Qc7 18. Rfe1 Nf4 19. Bxf4 Qxf4 20. Qc2 Qc7 21. Rbd1 Rd8 22. h3 b5 23. Nd2 e5 24. dxe5 Bxe5 25. Nf3 Bg7 26. Be4 Bb7 27. b4 Rxd1 28. Rxd1 Rd8 29. Rxd8+ Qxd8 30. c4 Qf6 31. cxb5 axb5 32. Qd3 Qe7 33. Nd4 Qd6 34. Nc2 Qxd3 35. Bxd3 Kf8 36. Kf1 Ke7 37. Ke2 Bc8 38. Be4 Kd6 39. Kd3 Bb2 40. Nd4 Bd7 41. Nc2 Ke5 42. g3 Bxh3 43. Bxc6 Bf1+ 44. Kd2 Kd6 45. Be8 Ke7 46. Bc6 Bc4 47. a4 bxa4 48. Bxa4 Bd5 49. Ne3 Bf3 50. Bb3 h5 51. Bc4 f6 52. Nd5+ Bxd5 53. Bxd5 1/2-1/2

[Event "Irish Championship 2026"]
[Site "Talbot Hotel Stillorgan, Co.Dublin, IE"]
[Date "2026.08.02"]
[Round "2"]
[White "Lorigan, Maxim"]
[Black "Brozynski, Patryk"]
[Result "0-1"]
[Board "77"]
[TimeControl "40/5400+30:1800+30"]
[WhiteFideId "2518198"]
[BlackFideId "2512700"]
[WhiteElo "1762"]
[BlackElo "2224"]
[BlackTitle "CM"]
[WhiteClock "0:00:59"]
[BlackClock "0:04:42"]
[Variant "Standard"]
[EndDate "2026.08.02"]
[EndTime "17:34:30"]

1. d4 Nf6 2. c4 e6 3. Nc3 Bb4 4. e3 O-O 5. Nf3 d5 6. Bd3 c5 7. a3 Bxc3+ 8. bxc3 dxc4 9. Bxc4 Qc7 10. Be2 Rd8 11. O-O b6 12. Bb2 Bb7 13. Rc1 Nbd7 14. Nd2 Rac8 15. Bf3 e5 16. Bxb7 Qxb7 17. Qe2 Re8 18. Rfd1 b5 19. dxe5 Nxe5 20. c4 b4 21. Bxe5 Rxe5 22. Nf3 Rh5 23. Rd3 Qc7 24. Rcd1 g6 25. Qc2 Rf5 26. a4 Re8 27. Rd6 Ne4 28. Rd7 Qb6 29. R1d5 Rxd5 30. Rxd5 b3 31. Qb2 Qb4 32. Rd3 Rb8 33. Rd1 Nc3 34. Rd7 Qxa4 35. Rd3 Qxc4 36. Ne5 Ne2+ 37. Qxe2 Qc1+ 38. Rd1 b2 0-1

[Event "Irish Championship 2026"]
[Site "Talbot Hotel Stillorgan, Co.Dublin, IE"]
[Date "2026.08.02"]
[Round "2"]
[White "OBrien, James Joseph"]
[Black "Melaugh, Gavin"]
[Result "0-1"]
[Board "78"]
[TimeControl "40/5400+30:1800+30"]
[WhiteFideId "2518813"]
[BlackFideId "2509571"]
[WhiteElo "1914"]
[BlackElo "2093"]
[WhiteClock "0:01:23"]
[BlackClock "0:28:53"]
[Variant "Standard"]
[EndDate "2026.08.02"]
[EndTime "18:36:39"]

1. e4 Nf6 2. Nc3 d5 3. e5 Nfd7 4. d4 c5 5. Nxd5 e6 6. Nc3 cxd4 7. Qxd4 Nc6 8. Qd1 Ncxe5 9. Nf3 Qb6 10. Nxe5 Nxe5 11. Bb5+ Bd7 12. Be3 Qc7 13. Bxd7+ Nxd7 14. O-O a6 15. Qf3 Be7 16. Rad1 O-O 17. Bf4 Qc8 18. Rfe1 Bb4 19. Re3 Nb6 20. a3 Be7 21. Ne4 Nd5 22. Re2 Qc6 23. Rd3 Rad8 24. Be5 f6 25. Bc3 e5 26. Nd2 Nf4 27. Rxd8 Nxe2+ 28. Qxe2 Rxd8 29. f4 Bc5+ 30. Kf1 exf4 31. Qc4+ Qd5 32. Qxf4 Bd6 33. Qg4 Bxh2 34. g3 Qh1+ 35. Kf2 Qg1+ 36. Ke2 Qg2+ 37. Kd1 Qf1# 0-1

[Event "Irish Championship 2026"]
[Site "Talbot Hotel Stillorgan, Co.Dublin, IE"]
[Date "2026.08.02"]
[Round "2"]
[White "Murray, Benjamin"]
[Black "Doolin, Nemhain"]
[Result "1-0"]
[Board "79"]
[TimeControl "40/5400+30:1800+30"]
[WhiteFideId "2512963"]
[BlackFideId "2517230"]
[WhiteElo "2080"]
[BlackElo "1915"]
[WhiteClock "0:06:18"]
[BlackClock "0:03:02"]
[Variant "Standard"]
[EndDate "2026.08.02"]
[EndTime "17:36:52"]

1. e4 e6 2. d4 d5 3. Nc3 Be7 4. Bd3 c5 5. dxc5 Nf6 6. exd5 exd5 7. Nf3 O-O 8. Be3 Re8 9. O-O Nc6 10. h3 Be6 11. Bb5 Rc8 12. Qd3 Qd7 13. Rad1 Red8 14. Nd4 Qc7 15. Bxc6 bxc6 16. Rfe1 Nd7 17. b4 Qb7 18. Rb1 Re8 19. f4 Nf6 20. f5 Bd7 21. Bf4 Bf8 22. a3 Rcd8 23. g4 g6 24. Bg5 Bg7 25. Rf1 h6 26. Bxf6 Bxf6 27. fxg6 Bxd4+ 28. Qxd4 fxg6 29. Qf6 Be6 30. Qxg6+ Qg7 31. Qxg7+ Kxg7 32. Rbe1 Bf7 33. Rxe8 Rxe8 34. Kf2 Bg6 35. Rc1 Kf6 36. Ne2 Kg5 37. Nd4 Rf8+ 38. Kg3 Rc8 39. Rf1 Be4 40. Rf7 a5 41. Ra7 axb4 42. axb4 Rb8 43. Nxc6 Rb5 44. c3 1-0

[Event "Irish Championship 2026"]
[Site "Talbot Hotel Stillorgan, Co.Dublin, IE"]
[Date "2026.08.02"]
[Round "2"]
[White "Freeman, Gordon"]
[Black "Fitzgerald, Niall"]
[Result "1-0"]
[Board "80"]
[TimeControl "40/5400+30:1800+30"]
[WhiteFideId "2501309"]
[BlackFideId "2511185"]
[WhiteElo "2068"]
[BlackElo "1894"]
[WhiteTitle "FM"]
[WhiteClock "0:02:52"]
[BlackClock "0:01:00"]
[Variant "Standard"]
[EndDate "2026.08.02"]
[EndTime "17:35:04"]

1. d4 d5 2. Nf3 Nf6 3. Bg5 Ne4 4. Bf4 c5 5. e3 Qb6 6. Nc3 Qa5 7. Bb5+ Nc6 8. O-O Nxc3 9. Bxc6+ bxc6 10. bxc3 Qxc3 11. Ne5 cxd4 12. Rb1 Bf5 13. Rb3 Qxc2 14. Qxd4 f6 15. Qxa7 Rd8 16. Nf3 e5 17. Rb8 Qc5 18. Rxd8+ Kxd8 19. Qb8+ Bc8 20. Nxe5 fxe5 21. Qxe5 Qd6 22. Qxd6+ Bxd6 23. Bxd6 Ba6 24. Rb1 Kd7 25. Be5 Rg8 26. a4 Ke6 27. f4 Bc4 28. Rb6 Ra8 29. g4 Rxa4 30. Rxc6+ Kd7 31. Rc7+ Ke6 32. Rxg7 Bd3 33. Bd4 Ra2 34. f5+ Kd6 35. Rxh7 Be4 36. h3 1-0

[Event "Irish Championship 2026"]
[Site "Talbot Hotel Stillorgan, Co.Dublin, IE"]
[Date "2026.08.02"]
[Round "2"]
[White "Landmark, Gabriel"]
[Black "Fitzgerald, Martin"]
[Result "1-0"]
[Board "81"]
[TimeControl "40/5400+30:1800+30"]
[WhiteFideId "2524848"]
[BlackFideId "2511177"]
[WhiteElo "1999"]
[BlackElo "1891"]
[WhiteClock "0:49:25"]
[BlackClock "0:25:59"]
[Variant "Standard"]
[EndDate "2026.08.02"]
[EndTime "17:33:20"]

1. e4 c5 2. Nf3 Nc6 3. d4 cxd4 4. Nxd4 Nf6 5. Nc3 e5 6. Ndb5 d6 7. Bg5 a6 8. Na3 b5 9. Nd5 Be7 10. Bxf6 Bxf6 11. c4 b4 12. Nc2 Rb8 13. b3 O-O 14. g3 Bg5 15. Bg2 Be6 16. O-O a5 17. f4 Bh6 18. f5 Bxd5 19. Qxd5 Nd4 20. Ne1 Rc8 21. f6 Qb6 22. fxg7 Bxg7 23. Nd3 Qa6 24. Rf2 Ne6 25. Bh3 Rce8 26. Nb2 Bh6 27. Re1 Nd4 28. Kg2 Qb6 29. Na4 Qc7 30. Ref1 Re7 31. Rf6 Bg7 32. Rxd6 Qa7 33. c5 Nc2 34. Qd3 Nd4 35. Rc1 Rc7 36. Ra6 Qb8 37. Nb6 Ra7 38. Nd7 Qb7 39. Rxa7 Qxa7 40. Nxf8 Bxf8 41. c6 Bd6 42. Qc4 Bc7 43. Rf1 Bb6 44. Bd7 Ne6 45. Bxe6 fxe6 46. Qxe6+ Kh8 47. Rf8+ 1-0

[Event "Irish Championship 2026"]
[Site "Talbot Hotel Stillorgan, Co.Dublin, IE"]
[Date "2026.08.02"]
[Round "2"]
[White "Singhal, Vivaan"]
[Black "O'Connell, Gerard"]
[Result "0-1"]
[Board "82"]
[TimeControl "40/5400+30:1800+30"]
[WhiteFideId "2516721"]
[BlackFideId "2500493"]
[WhiteElo "1878"]
[BlackElo "1996"]
[WhiteClock "0:55:57"]
[BlackClock "0:55:15"]
[Variant "Standard"]
[EndDate "2026.08.02"]
[EndTime "18:37:51"]

1. d4 Nf6 2. Nf3 d5 3. e3 e6 4. Bd3 c5 5. b3 Nc6 6. Bb2 Be7 7. O-O Bd7 8. a3 O-O 9. Nbd2 a6 10. Ne5 b5 11. dxc5 Nxe5 12. Bxe5 Bxc5 13. Nf3 Ne4 14. Bd4 0-1

[Event "Irish Championship 2026"]
[Site "Talbot Hotel Stillorgan, Co.Dublin, IE"]
[Date "2026.08.02"]
[Round "2"]
[White "Thomas Boby, Aiden"]
[Black "Liu, Murray"]
[Result "1/2-1/2"]
[Board "83"]
[TimeControl "40/5400+30:1800+30"]
[WhiteFideId "2535688"]
[BlackFideId "2517191"]
[WhiteElo "1978"]
[BlackElo "1885"]
[WhiteClock "0:32:19"]
[BlackClock "0:22:25"]
[Variant "Standard"]
[EndDate "2026.08.02"]
[EndTime "18:00:08"]

1. e4 c5 2. Nf3 d6 3. d4 cxd4 4. Nxd4 Nf6 5. Nc3 g6 6. Be3 Bg7 7. f3 O-O 8. Qd2 Nc6 9. Bc4 Bd7 10. h4 h5 11. O-O-O Rc8 12. Bb3 Qa5 13. Kb1 Ne5 14. Bh6 Qc5 15. Bg5 Nc6 16. Be3 Qa5 17. Nxc6 Bxc6 18. Nd5 Qd8 19. Bd4 Bxd5 20. Bxd5 Nxd5 21. Bxg7 Kxg7 22. exd5 Rh8 23. g4 Qb6 24. Rde1 Rc7 25. Rhg1 Qc5 26. Rg2 hxg4 27. Rxg4 Rh5 28. Rd4 b5 29. Qd3 a5 30. Qd2 a4 31. Rd1 Kg8 32. a3 Kg7 33. c3 Rc8 34. Qe2 Rc7 35. Qe4 Re5 36. Qd3 Rh5 37. Re1 Kg8 38. Ree4 Kg7 39. Rg4 Rc8 40. f4 Rch8 41. f5 Qc8 42. fxg6 f6 43. Rde4 Qd7 44. Qe2 Re8 45. Re6 Rxd5 46. Rge4 Re5 47. R6xe5 dxe5 48. h5 Rh8 49. Rxe5 fxe5 50. Qxe5+ Kg8 51. Qb8+ Kg7 52. Qe5+ Kg8 1/2-1/2

[Event "Irish Championship 2026"]
[Site "Talbot Hotel Stillorgan, Co.Dublin, IE"]
[Date "2026.08.02"]
[Round "2"]
[White "Moull, Arthur"]
[Black "Campbell, Andrew"]
[Result "1-0"]
[Board "84"]
[TimeControl "40/5400+30:1800+30"]
[WhiteFideId "2517426"]
[BlackFideId "2518392"]
[WhiteElo "1876"]
[BlackElo "1951"]
[WhiteClock "0:11:25"]
[BlackClock "0:02:33"]
[Variant "Standard"]
[EndDate "2026.08.02"]
[EndTime "17:32:46"]

1. d4 Nf6 2. c4 g6 3. Nc3 Bg7 4. e4 d6 5. Nf3 O-O 6. Be2 Nbd7 7. O-O e5 8. Be3 Qe7 9. dxe5 dxe5 10. Qc2 c6 11. Rfd1 h6 12. Ne1 Nc5 13. f3 Ne6 14. Bf1 Kh7 15. a3 Nd4 16. Qf2 Be6 17. b4 a5 18. b5 Rfd8 19. Rdb1 a4 20. Rb4 Nd7 21. bxc6 bxc6 22. Qb2 Nc5 23. Rd1 Rd7 24. Nd3 Nxd3 25. Bxd3 Qd8 26. Qb1 Bf8 27. Rxa4 Rxa4 28. Nxa4 Bxc4 29. Kh1 Bb3 30. Bxd4 Bxa4 31. Bb6 Qb8 32. Rd2 Bc5 33. Ba5 Qd6 34. Bc2 Bxc2 35. Qxc2 Qe7 36. Rxd7 Qxd7 37. Qxc5 Qd1+ 38. Qg1 Qa4 39. Bb4 Qb5 40. Qc1 h5 41. h3 f6 42. Qc5 Qf1+ 43. Kh2 h4 44. Qe7+ Kh6 45. Bd2+ 1-0

[Event "Irish Championship 2026"]
[Site "Talbot Hotel Stillorgan, Co.Dublin, IE"]
[Date "2026.08.02"]
[Round "2"]
[White "Andhurthi, Sreeyan"]
[Black "Greenan, Darragh"]
[Result "1/2-1/2"]
[Board "85"]
[TimeControl "40/5400+30:1800+30"]
[WhiteFideId "2523531"]
[BlackFideId "2525607"]
[WhiteElo "1950"]
[BlackElo "1786"]
[WhiteClock "0:50:17"]
[BlackClock "0:54:34"]
[Variant "Standard"]
[EndDate "2026.08.02"]
[EndTime "16:03:42"]

1. e4 e6 2. d4 d5 3. Bd3 dxe4 4. Bxe4 Nf6 5. Bf3 c5 6. Ne2 Be7 7. O-O O-O 8. Nbc3 cxd4 9. Qxd4 Nc6 10. Qxd8 Rxd8 11. Bf4 Bd7 12. Rad1 Rac8 13. a3 h6 14. Bd6 Bxd6 15. Rxd6 Na5 16. b3 Bc6 17. Rxd8+ Rxd8 18. Bxc6 Nxc6 19. Rd1 Rd4 20. Rd3 Rxd3 21. Nd1 1/2-1/2

[Event "Irish Championship 2026"]
[Site "Talbot Hotel Stillorgan, Co.Dublin, IE"]
[Date "2026.08.02"]
[Round "2"]
[White "Rai, Oleksii"]
[Black "Healy, John"]
[Result "1-0"]
[Board "86"]
[TimeControl "40/5400+30:1800+30"]
[WhiteFideId "2531526"]
[BlackFideId "2500965"]
[WhiteElo "1840"]
[BlackElo "1928"]
[WhiteClock "0:33:18"]
[BlackClock "0:52:17"]
[Variant "Standard"]
[EndDate "2026.08.02"]
[EndTime "16:00:25"]

1. e4 c5 2. Nf3 a6 3. c4 Nc6 4. d4 cxd4 5. Nxd4 e5 6. Nf5 d6 7. Ne3 g6 8. Nc3 Bh6 9. Bd3 Nf6 10. O-O O-O 11. Ned5 Bxc1 12. Rxc1 Nh5 13. Be2 Qg5 14. Bxh5 gxh5 15. Qf3 f5 16. Qg3 h6 17. f4 exf4 18. Qxf4 Ne5 19. b3 Rf7 20. Qxg5+ hxg5 21. Nb6 Rb8 22. Nxc8 Rxc8 23. exf5 b5 24. Ne4 Rd8 25. Nxg5 1-0

[Event "Irish Championship 2026"]
[Site "Talbot Hotel Stillorgan, Co.Dublin, IE"]
[Date "2026.08.03"]
[Round "3"]
[White "Venkatesan, Kavin"]
[Black "Barnes, Oliver"]
[Result "1/2-1/2"]
[Board "61"]
[TimeControl "40/5400+30:1800+30"]
[WhiteFideId "2512602"]
[BlackFideId "2517604"]
[WhiteElo "2297"]
[BlackElo "2107"]
[WhiteTitle "FM"]
[WhiteClock "0:02:01"]
[BlackClock "0:01:31"]
[Variant "Standard"]
[EndDate "2026.08.03"]
[EndTime "19:06:32"]

1. c4 e6 2. Nc3 Nf6 3. e4 c5 4. e5 Ng8 5. d4 cxd4 6. Qxd4 Nc6 7. Qf4 d6 8. Nf3 Nge7 9. exd6 Ng6 10. Qe4 Bxd6 11. Bg5 f6 12. Be3 Qe7 13. a3 O-O 14. Rd1 Rd8 15. Qc2 Bd7 16. Bd3 Be8 17. O-O Rac8 18. b4 b6 19. Ne4 Bf4 20. Rfe1 Bxe3 21. Rxe3 Nce5 22. Nxe5 Nxe5 23. f4 Nxc4 24. Bxc4 Rxc4 25. Qxc4 Rxd1+ 26. Kf2 Bf7 27. Qc8+ Rd8 28. Qc3 Qd7 29. Kg3 Qd4 30. Qxd4 Rxd4 31. Nc3 Kf8 32. Nb5 Rd7 33. Kf3 Ke7 34. Rc3 Be8 35. Ke3 Rb7 36. Nd4 a6 37. g3 h6 38. Ke4 Bd7 39. Rc1 g6 40. Ke3 h5 41. Rc3 Kd6 42. Rd3 Ke7 43. Rc3 Rb8 44. Rc7 Rc8 45. Rb7 Rc3+ 46. Kd2 Rxa3 47. Rxb6 g5 48. fxg5 fxg5 49. Nc2 Rf3 50. Ke2 Rc3 51. Kd2 Rf3 52. Ke2 Rf5 53. Nd4 Rd5 54. Ke3 a5 55. bxa5 Rxa5 56. Rxe6+ Bxe6 57. Nc6+ Kf6 58. Nxa5 Kf5 59. Nc6 Kg4 60. Kf2 Bd5 61. Ne5+ Kf5 62. Nd3 Ke4 63. Ne1 Kf5 64. Nc2 Be4 65. Ne3+ Ke5 66. Nc4+ 1/2-1/2

[Event "Irish Championship 2026"]
[Site "Talbot Hotel Stillorgan, Co.Dublin, IE"]
[Date "2026.08.03"]
[Round "3"]
[White "Tureshbayev, Anuar"]
[Black "Hushpit, Lukian"]
[Result "1-0"]
[Board "63"]
[TimeControl "40/5400+30:1800+30"]
[WhiteFideId "651081709"]
[BlackFideId "14189208"]
[WhiteElo "2250"]
[BlackElo "2088"]
[WhiteTitle "FM"]
[WhiteClock "0:23:59"]
[BlackClock "0:37:50"]
[Variant "Standard"]
[EndDate "2026.08.03"]
[EndTime "16:26:58"]

1. Nf3 d5 2. e3 Nf6 3. b3 e6 4. Bb2 Be7 5. c4 O-O 6. Nc3 b6 7. d4 Bb7 8. Bd3 c5 9. O-O Nc6 10. Rc1 cxd4 11. exd4 Rc8 12. Qe2 dxc4 13. bxc4 Nb4 14. Bb1 Ba6 15. Ne5 Nbd5 16. Rfd1 Nxc3 17. Rxc3 Qc7 18. Rh3 g6 19. Qe3 Rfd8 20. d5 Bxc4 21. Nxg6 fxg6 22. Qxe6+ Kg7 23. Rxh7+ Kxh7 24. Qf7+ Kh8 25. Bxg6 Bf8 26. Bxf6+ Bg7 27. Bxg7# 1-0

[Event "Irish Championship 2026"]
[Site "Talbot Hotel Stillorgan, Co.Dublin, IE"]
[Date "2026.08.03"]
[Round "3"]
[White "Hughes, Padraig"]
[Black "Collins, Adam"]
[Result "1/2-1/2"]
[Board "65"]
[TimeControl "40/5400+30:1800+30"]
[WhiteFideId "2505690"]
[BlackFideId "2512300"]
[WhiteElo "2022"]
[BlackElo "2340"]
[BlackTitle "FM"]
[WhiteClock "0:13:57"]
[BlackClock "0:34:30"]
[Variant "Standard"]
[EndDate "2026.08.03"]
[EndTime "17:06:29"]

1. e4 e6 2. d4 d5 3. Nd2 c5 4. exd5 Qxd5 5. Ngf3 cxd4 6. Bc4 Qd7 7. O-O Nc6 8. Nb3 a6 9. Nbxd4 Nxd4 10. Qxd4 Qxd4 11. Nxd4 Bc5 12. Nb3 Bb6 13. Be2 Ne7 14. Bf3 e5 15. Re1 f6 16. Be3 Bc7 17. a4 a5 18. Bc5 Nc6 19. Rad1 Bf5 20. Bxc6+ bxc6 21. Nd4 Bd7 22. f4 O-O-O 23. fxe5 Bxe5 24. Bb6 Rde8 25. c3 Bxd4+ 26. cxd4 Rxe1+ 27. Rxe1 Re8 28. Bxa5 Rxe1+ 29. Bxe1 c5 30. dxc5 Bxa4 31. Kf2 Kd7 32. Ke3 Kc6 33. Kd4 Bb5 34. Bc3 Bf1 35. g3 h5 36. b4 Be2 37. Ke4 g6 38. Bxf6 Bf1 39. Bc3 Be2 40. Ke5 Bf1 41. Kf6 Bd3 42. Kg5 Bc2 43. h3 Bd3 44. g4 hxg4 45. hxg4 Bc2 46. Kf6 Bd3 47. Ke7 Be2 48. g5 Bf1 49. Kf6 Bd3 50. Ke5 1/2-1/2

[Event "Irish Championship 2026"]
[Site "Talbot Hotel Stillorgan, Co.Dublin, IE"]
[Date "2026.08.03"]
[Round "3"]
[White "Daly, Colm"]
[Black "Oisin O'Cuilleanain"]
[Result "0-1"]
[Board "66"]
[TimeControl "40/5400+30:1800+30"]
[WhiteFideId "2500434"]
[WhiteElo "2182"]
[BlackElo "2128"]
[WhiteTitle "FM"]
[WhiteClock "0:00:27"]
[BlackClock "0:35:31"]
[Variant "Standard"]
[EndDate "2026.08.03"]
[EndTime "18:24:31"]

1. Nf3 Nf6 2. d4 g6 3. c4 Bg7 4. Nc3 d5 5. Bg5 Ne4 6. cxd5 Nxg5 7. Nxg5 e6 8. Nf3 exd5 9. e3 O-O 10. Be2 c6 11. O-O Qe7 12. Rb1 a5 13. Na4 Nd7 14. Rc1 h5 15. a3 h4 16. Re1 g5 17. Nd2 f5 18. Bd3 g4 19. f4 gxf3 20. Nxf3 Qf6 21. Rc2 Qh6 22. Kh1 b5 23. Nc5 Nf6 24. a4 bxa4 25. Nxa4 Ne4 26. Nb6 Rb8 27. Nxc8 Rbxc8 28. Ng1 Rce8 29. Nh3 Bf6 30. Rxc6 Rf7 31. Qc2 Rfe7 32. Rc8 Bxd4 33. Bxe4 Rxe4 34. Rxe8+ Rxe8 35. Qxf5 Qe6 36. Qg5+ Bg7 37. Rf1 Qe5 38. Qxh4 Qxe3 39. Qh5 Re5 40. Qf7+ Kh7 41. Rf3 Qh6 42. Ng1 Rh5 43. h3 Qg6 44. b3 Qxf7 45. Rxf7 d4 46. Nf3 Rd5 47. Nd2 d3 48. Rf1 Kg6 49. Rd1 Bh6 50. Kg1 Bxd2 51. Rxd2 Kf5 52. Kf2 Ke4 53. g4 Rc5 54. Ke1 Ke3 55. Kd1 Rb5 56. Rb2 a4 57. Rg2 axb3 58. Rg3+ Kf4 59. Ke1 Ke5 0-1

[Event "Irish Championship 2026"]
[Site "Talbot Hotel Stillorgan, Co.Dublin, IE"]
[Date "2026.08.03"]
[Round "3"]
[White "Jessel, Stephen"]
[Black "Harding, Tim D"]
[Result "1-0"]
[Board "69"]
[TimeControl "40/5400+30:1800+30"]
[WhiteFideId "628859"]
[BlackFideId "2500256"]
[WhiteElo "2364"]
[BlackElo "2004"]
[WhiteTitle "FM"]
[BlackTitle "CM"]
[WhiteClock "0:08:26"]
[BlackClock "0:26:11"]
[Variant "Standard"]
[EndDate "2026.08.03"]
[EndTime "16:59:22"]

1. Nf3 d5 2. c4 e6 3. g3 Nf6 4. Bg2 Bd6 5. O-O O-O 6. d4 h6 7. b3 b6 8. Bb2 Bb7 9. Nc3 Re8 10. Rc1 a6 11. Nd2 c5 12. dxc5 bxc5 13. cxd5 exd5 14. Na4 Nbd7 15. Nc4 Bf8 16. Ne3 Rc8 17. Nxd5 Bxd5 18. Bxd5 Nxd5 19. Qxd5 Qc7 20. Rfd1 Nb6 21. Nxb6 Qxb6 22. Qc4 Re6 23. e3 Qc6 24. Qd5 Be7 25. Qxc6 Rexc6 26. Rd7 Bf6 27. Bxf6 Rxf6 28. Rc4 Rb6 29. Rf4 1-0

[Event "Irish Championship 2026"]
[Site "Talbot Hotel Stillorgan, Co.Dublin, IE"]
[Date "2026.08.03"]
[Round "3"]
[White "Brozynski, Patryk"]
[Black "Nichenametla V, Advaith"]
[Result "1-0"]
[Board "70"]
[TimeControl "40/5400+30:1800+30"]
[WhiteFideId "2512700"]
[BlackFideId "2516896"]
[WhiteElo "2224"]
[BlackElo "1943"]
[WhiteTitle "CM"]
[WhiteClock "0:06:02"]
[BlackClock "0:08:02"]
[Variant "Standard"]
[EndDate "2026.08.03"]
[EndTime "19:12:06"]

1. e4 e6 2. d4 d5 3. Nd2 c5 4. Ngf3 cxd4 5. Nxd4 Nf6 6. exd5 Qxd5 7. Nb5 Qd8 8. Nc4 Nd5 9. Ne3 Bb4+ 10. c3 Ba5 11. Nxd5 exd5 12. Be3 Bb6 13. Nd4 Nc6 14. g3 Nxd4 15. Bxd4 O-O 16. Bg2 Re8+ 17. Kf1 Bf5 18. Kg1 Rc8 19. h4 Rc6 20. Bf3 Be4 21. Kg2 Rce6 22. Qd2 Bxf3+ 23. Kxf3 Re2 24. Qxe2 Rxe2 25. Kxe2 Bxd4 26. cxd4 Qb6 27. Rad1 Qxb2+ 28. Rd2 Qa3 29. Rb1 g6 30. Rb3 Qa6+ 31. Kf3 Qf1 32. Rxb7 Qh1+ 33. Ke2 Qe4+ 34. Kf1 Qh1+ 35. Ke2 Qe4+ 36. Kd1 Qf3+ 37. Kc2 Qf5+ 38. Kb2 Qc8 39. Rb3 Qc4 40. Rc3 Qb5+ 41. Kc2 Qa4+ 42. Kc1 Qb5 43. Rdd3 Qe8 44. Kd2 Qb5 45. a3 Kg7 46. Ke2 Qb1 47. Rd2 Qb5+ 48. Rcd3 Qe8+ 49. Kf1 Qc8 50. Kg2 Qe8 51. Re3 Qa4 52. Rf3 h5 53. Rb2 Qc6 54. Rbb3 Kg8 55. Rbc3 Qd7 56. Rf6 Qa4 57. Rc7 Qxd4 58. Rfxf7 Qe4+ 59. Kh2 Qe1 60. Rce7 Qf1 61. Rg7+ Kh8 62. Rgf7 Kg8 63. Rf3 d4 64. Re8+ Kg7 65. Re7+ Kg8 66. Re4 g5 67. Rxd4 g4 68. Rf5 a5 69. Rg5+ Kh7 70. Rxh5+ Kg6 71. Rg5+ Kh6 72. Rf4 a4 73. Rgxg4 Kh5 74. Rg5+ Kh6 75. Ra5 Kg6 76. Raxa4 Kh6 77. Rab4 Kg6 78. Rb6+ Kg7 79. a4 Qe1 80. Rb5 Kg6 81. a5 Qe2 82. Rb6+ Kh5 83. Rf5+ 1-0

[Event "Irish Championship 2026"]
[Site "Talbot Hotel Stillorgan, Co.Dublin, IE"]
[Date "2026.08.03"]
[Round "3"]
[White "Melaugh, Gavin"]
[Black "Heron, Lorcan"]
[Result "1-0"]
[Board "71"]
[TimeControl "40/5400+30:1800+30"]
[WhiteFideId "2509571"]
[BlackFideId "2529343"]
[WhiteElo "2093"]
[BlackElo "1926"]
[WhiteClock "0:15:01"]
[BlackClock "0:13:38"]
[Variant "Standard"]
[EndDate "2026.08.03"]
[EndTime "17:12:44"]

1. d4 Nf6 2. c4 e6 3. Nc3 c5 4. d5 exd5 5. cxd5 d6 6. e4 g6 7. Nf3 Bg7 8. Bb5+ Bd7 9. a4 O-O 10. O-O Bg4 11. h3 Bxf3 12. Qxf3 a6 13. Bc4 Nbd7 14. Bf4 Qe7 15. Rfe1 Ne5 16. Qe2 Nh5 17. Bd2 Qh4 18. Ba2 f5 19. exf5 Rxf5 20. Bb1 Rf7 21. Ne4 Nf4 22. Bxf4 Qxf4 23. Nxd6 Nf3+ 24. Qxf3 Qxd6 25. Re6 Qf8 26. Qe4 Rxf2 27. Bd3 Rf4 28. Qe2 Bd4+ 29. Kh1 Rf2 30. Rf1 Rxf1+ 31. Qxf1 Qxf1+ 32. Bxf1 Rf8 33. Bc4 Kf7 34. Rb6 Re8 35. Rxb7+ Kf6 36. g3 Re1+ 37. Kg2 Rb1 38. b3 Kf5 39. Bd3+ 1-0

[Event "Irish Championship 2026"]
[Site "Talbot Hotel Stillorgan, Co.Dublin, IE"]
[Date "2026.08.03"]
[Round "3"]
[White "Burke, Kevin A."]
[Black "Murray, Benjamin"]
[Result "0-1"]
[Board "72"]
[TimeControl "40/5400+30:1800+30"]
[WhiteFideId "2501520"]
[BlackFideId "2512963"]
[WhiteElo "1896"]
[BlackElo "2080"]
[WhiteClock "0:26:11"]
[BlackClock "0:36:02"]
[Variant "Standard"]
[EndDate "2026.08.03"]
[EndTime "16:31:50"]

1. e4 e5 2. f4 exf4 3. Bc4 Nc6 4. d4 Nf6 5. Nc3 Bb4 6. Nge2 f3 7. gxf3 d5 8. exd5 Nxd5 9. O-O Nxc3 10. bxc3 Bd6 11. Ng3 O-O 12. Kh1 Ne7 13. Ne4 Ng6 14. Bg5 Be7 15. f4 b6 16. Qh5 Bb7 17. Rae1 b5 18. Bb3 Bxg5 19. fxg5 c5 20. dxc5 Qe7 21. Qf3 Rae8 22. c6 Bxc6 23. Nf6+ Qxf6 24. Bxf7+ Kh8 0-1

[Event "Irish Championship 2026"]
[Site "Talbot Hotel Stillorgan, Co.Dublin, IE"]
[Date "2026.08.03"]
[Round "3"]
[White "Ryan, Joshua"]
[Black "Hayes, Peter J."]
[Result "1/2-1/2"]
[Board "73"]
[TimeControl "40/5400+30:1800+30"]
[WhiteFideId "2516705"]
[BlackFideId "2502569"]
[WhiteElo "1866"]
[BlackElo "2073"]
[WhiteClock "1:08:33"]
[BlackClock "0:21:13"]
[Variant "Standard"]
[EndDate "2026.08.03"]
[EndTime "17:40:13"]

1. e4 e6 2. d4 d5 3. exd5 exd5 4. Nf3 Bd6 5. c4 Qe7+ 6. Qe2 dxc4 7. Qxe7+ Nxe7 8. Bxc4 Nbc6 9. h3 Nb4 10. Na3 a6 11. O-O b5 12. Bb3 O-O 13. Nc2 Be6 14. Bd2 Bxb3 15. Nxb4 Bc4 16. Rfc1 a5 17. Nc2 Bd5 18. Ne5 f6 19. Nd3 Rfd8 20. Bf4 Bc4 21. Bxd6 Rxd6 22. Nc5 Nf5 23. Rd1 Bd5 24. Ne3 Nxe3 25. fxe3 Re8 26. Kf2 Re7 27. b3 Kf7 28. Re1 Be4 29. Nxe4 Rxe4 30. Rac1 c6 31. Rc3 f5 32. Kf3 Rde6 33. Rec1 g5 34. Kf2 f4 35. exf4 Rxf4+ 36. Kg3 h5 37. Rxc6 h4+ 38. Kh2 g4 39. hxg4 Rxg4 40. Rxe6 Kxe6 41. Rc5 Rxd4 42. Rxb5 a4 43. Kh3 axb3 44. axb3 Kf6 45. b4 Kg6 46. Rb8 Kg5 47. b5 Rd1 48. Kh2 Rb1 49. b6 Kg6 50. b7 Kg7 51. Kh3 Rb4 52. Kh2 Rb1 53. Kh3 Rb4 54. g3 hxg3 55. Kxg3 Kh7 56. Kf3 Kg7 57. Ke3 Kh7 58. Kd3 Kg7 59. Kc3 Rb1 60. Kc2 Rb4 61. Kd3 Kh7 62. Kc3 Rb1 63. Kd4 Rd1+ 64. Kc5 Rc1+ 65. Kb4 Rb1+ 66. Kc3 Kg7 67. Kc2 Rb4 1/2-1/2